 Dungeon Crawl Stone Soup version 0.18.1-8-gdd0e5ea (webtiles) character file.

82 Lathuz the Shield-Bearer (level 4, -1/28 HPs)
             Began as a Gargoyle Fighter on May 24, 2016.
             Was an Initiate of Okawaru.
             Killed from afar by Blork the orc (7 damage)
             ... with a puff of frost
             ... on level 3 of the Dungeon.
             The game lasted 00:05:48 (1840 turns).

Lathuz the Shield-Bearer (Gargoyle Fighter)         Turns: 1840, Time: 00:05:48

Health: -1/28      AC: 11    Str: 19    XL:     4   Next: 43%
Magic:  4/4        EV:  7    Int:  9    God:    Okawaru [......]
Gold:   131        SH:  9    Dex: 10    Spells: 0 memorised, 3 levels left

rFire  . . .     SeeInvis .     a - +0 flail
rCold  . . .     Gourm    .     b - +0 scale mail
rNeg   + . .     Faith    .     c - +0 shield
rPois  ∞         Spirit   .     (no helmet)
rElec  +         Dismiss  .     (no cloak)
rCorr  .         Reflect  .     r - +0 pair of gloves
SustAt .         Harm     .     (no boots)
MR     .....                    (no amulet)
Stlth  ..........               (no ring)
                                (no ring)

@: not resistant to hostile enchantments, extremely unstealthy
A: negative energy resistance 1, electricity resistance, unbreathing,
petrification resistance, rot immunity, AC +3
a: Renounce Religion


You were on level 3 of the Dungeon.
You worshipped Okawaru.
Okawaru was noncommittal.
You were not hungry.

You visited 1 branch of the dungeon, and saw 3 of its levels.

You collected 131 gold pieces.

Inventory:

Hand Weapons
 a - a +0 flail (weapon)
Missiles
 h - 109 stones (quivered)
Armour
 b - a +0 scale mail (worn)
 c - a +0 shield (worn)
 r - a +0 pair of gloves (worn)
Rods
 B - a +1 iron rod (14/14)
   (You found it on level 3 of the Dungeon)
Jewellery
 u - an uncursed ring of fire
Scrolls
 g - 3 scrolls of remove curse
 k - 2 scrolls of fog
 l - a scroll of noise {unknown}
 m - 2 scrolls of identify
 n - a scroll of magic mapping {unknown}
 p - a scroll of enchant weapon {unknown}
 q - 4 scrolls of teleportation {unknown}
 t - a scroll of random uselessness {unknown}
 x - a scroll of enchant armour {unknown}
 y - a scroll of immolation {unknown}
Potions
 d - 4 potions of might
 e - 3 potions of curing
 j - a potion of cancellation {unknown}
 A - a potion of flight {unknown}
Comestibles
 f - 2 bread rations
 i - a royal jelly
 o - 3 chunks of flesh
 s - a slice of pizza
 v - a beef jerky
 w - a meat ration
 z - 3 fruits


   Skills:
 - Level 3.2 Fighting
 + Level 3.4 Maces & Flails
 - Level 3.2 Armour
 + Level 4.5 Shields


You had 3 spell levels left.
You didn't know any spells.

Dungeon Overview and Level Annotations

Branches:
Dungeon (3/15)

Altars:
Okawaru
Pakellas
Vehumet

Annotations:
D:3 Blork the orc


Innate Abilities, Weirdness & Mutations

You are resistant to torment.
Your stone body is resilient (AC +3).
You are immune to poison.
You resist negative energy.
You are resistant to electric shocks.
You can survive without breathing.
You are immune to petrification.
You are immune to rotting.


Message History

Aim: Blork the orc, wielding a glaive and wearing a robe (lightly wounded)
You throw a stone.
The stone hits Blork the orc but does no damage.
Blork the orc is lightly wounded.
Throwing (i - inventory):
h - 111 stones (quivered)
Press: ? - help, Shift-Dir - straight line, f/p - Blork the orc
Aim: Blork the orc, wielding a glaive and wearing a robe (lightly wounded)
You throw a stone.
The stone hits Blork the orc but does no damage.
Blork the orc is lightly wounded.
Blork the orc gestures at you while chanting.
The magic dart hits you!
Blork the orc screams, "You are the ugliest creature I've ever seen!"
Throwing (i - inventory):
h - 110 stones (quivered)
Press: ? - help, Shift-Dir - straight line, f/p - Blork the orc
Aim: Blork the orc, wielding a glaive and wearing a robe (lightly wounded)
You throw a stone. The stone barely misses Blork the orc.
Blork the orc casts a spell at you. The puff of frost hits you!
You die...

####..>.......##....#
#############....#
###...### #....#
#.......###....#
..(......#####.#
...≈≈≈....# #.#
..≈≈≈≈≈...####.#
.≈≈...≈≈(....#.#
.≈≈.>o≈≈(..@...#
.≈≈...≈≈.....###
..≈≈≈≈≈...####
...≈≈≈...(#
..(......##
#.......## #(..##
####


You could see Blork the orc.

Vanquished Creatures
  2 adders
  A worm (D:2)
  A dart slug (D:1)
  2 giant geckos
  11 bats
  3 giant cockroaches
  5 goblins
  10 hobgoblins
  A jackal (D:3)
  A quokka (D:2)
  5 giant newts
  8 kobolds
  2 rats
52 creatures vanquished.

Notes
Turn   | Place    | Note
--------------------------------------------------------------
     0 | D:1      | Lathuz the Gargoyle Fighter began the quest for the Orb.
     0 | D:1      | Reached XP level 1. HP: 14/14 MP: 1/1
   275 | D:1      | Reached XP level 2. HP: 18/19 MP: 2/2
   847 | D:2      | Reached skill level 4 in Shields
   850 | D:2      | Reached XP level 3. HP: 23/23 MP: 3/3
  1136 | D:2      | Found a radiant altar of Vehumet.
  1258 | D:2      | Found an oddly glowing altar of Pakellas.
  1335 | D:2      | Reached XP level 4. HP: 28/28 MP: 4/4
  1632 | D:3      | Found an iron altar of Okawaru.
  1648 | D:3      | Became a worshipper of Warmaster Okawaru
  1808 | D:3      | Noticed Blork the orc
  1840 | D:3      | Killed from afar by Blork the orc

Skill      XL: |  1  2  3 |
---------------+----------+-----
Shields        | 4 |  4.5
Maces & Flails | 3 |  3.4
Fighting       | |  3.2
Armour         | |  3.2

Action                   |  1- 3 |  4- 6 || total
-------------------------+-------+-------++-------
Melee: Flail             |   146 |    63 ||   209
Throw: Stone             |       |    20 ||    20
  Use: Scroll            |       |     5 ||     5
  Eat: Chunk             |     2 |     1 ||     3
Armor: Scale mail        |   103 |    36 ||   139
       Plate armour      |       |    21 ||    21
Dodge: Dodged            |    65 |    28 ||    93
Block: Shield            |   102 |    41 ||   143
